 Dungeon Crawl Stone Soup version 0.18.1-48-g4cf74bf (webtiles) character file.

5553 lorenzova the Thaumaturge (level 10, -3/50 HPs)
             Began as a Deep Elf Conjurer on July 28, 2016.
             Was a Believer of Vehumet.
             Killed by divine providence
             ... invoked by an orc priest
              (15 damage)
             ... on level 8 of the Dungeon.
             The game lasted 00:25:25 (13110 turns).

lorenzova the Thaumaturge (Deep Elf Conjurer)      Turns: 13110, Time: 00:25:27

Health: -3/50      AC:  6    Str: 10    XL:     10   Next: 44%
Magic:  16/29      EV: 13    Int: 24    God:    Vehumet [**....]
Gold:   162        SH:  0    Dex: 15    Spells: 3 memorised, 26 levels left

rFire  + . .     SeeInvis .     B - +2 dagger (venom)
rCold  + . .     Gourm    .     N - +1 robe {rC+ rF+}
rNeg   . . .     Faith    .     (no shield)
rPois  .         Spirit   .     z - +0 helmet
rElec  .         Dismiss  +     n - +1 cloak
rCorr  .         Reflect  .     (no gloves)
SustAt +         Harm     .     (no boots)
MR     +....                    m - amulet of dismissal
Stlth  +++.......               u - ring of stealth
                                i - ring of sustain attributes

@: mighty, somewhat resistant to hostile enchantments, fairly stealthy
A: no striking features
a: Renounce Religion


You were on level 8 of the Dungeon.
You worshipped Vehumet.
Vehumet was pleased with you.
You were hungry.

You visited 2 branches of the dungeon, and saw 10 of its levels.

You collected 318 gold pieces.
You spent 156 gold pieces at shops.

Inventory:

Hand Weapons
 B - a +2 dagger of venom (weapon)
Armour
 a - a +0 robe
 n - a +1 cloak (worn)
 z - a +0 helmet (worn)
 F - a steam dragon hide
 N - a +1 robe of resistance (worn)
Magical Staves
 w - an uncursed staff of cold
Jewellery
 i - a ring of sustain attributes (left hand)
 m - an amulet of dismissal (around neck)
 u - a ring of stealth (right hand)
 A - an uncursed amulet of rage
 I - an uncursed ring of magical power {unknown}
Wands
 q - a wand of random effects (47/48)
 G - a wand of flame (30/48)
 K - a wand of paralysis (17/24)
 L - a wand of slowing (25/48)
 P - a wand of iceblast (8/15)
Scrolls
 e - a scroll of blinking {unknown}
 g - 5 scrolls of remove curse
 h - 4 scrolls of recharging
 j - 6 scrolls of identify
 k - 2 scrolls of noise {unknown}
 o - 3 scrolls of fear {unknown}
 p - 5 scrolls of teleportation {unknown}
 s - a scroll of fog {unknown}
 y - 2 scrolls of immolation {unknown}
 D - a scroll of torment {unknown}
 E - a scroll of random uselessness {unknown}
 H - a scroll of enchant weapon {unknown}
 M - a scroll of enchant armour {unknown}
 O - a scroll of holy word {unknown}
Potions
 d - 3 potions of curing
 l - 3 potions of might
 r - a potion of ambrosia {unknown}
 v - a potion of magic {unknown}
 x - 3 potions of agility {unknown}
 C - 5 potions of haste
 Q - a potion of lignification {unknown}
Books
 b - a book of Conjurations

   Spells                             Type                      Level
   a - Magic Dart                     Conjuration                  1
   b - Searing Ray                    Conjuration                  2
   c - Dazzling Spray                 Conjuration/Hexes            3
   d - Fulminant Prism                Conjuration/Hexes            4
   e - Iskenderun's Mystic Blast      Conjuration                  4
   f - Iskenderun's Battlesphere      Conjuration/Charms           5
 R - a book of Unlife

   Spells                             Type                      Level
   a - Recall                         Summoning/Translocation      3
   b - Animate Dead                   Necromancy                   4
   c - Control Undead                 Necromancy                   4
   d - Cigotuvi's Embrace             Necromancy                   5
   e - Death Channel                  Necromancy                   6
   f - Simulacrum                     Ice/Necromancy               6
Comestibles
 c - 8 bread rations
 f - 4 meat rations
 t - 2 beef jerkies
 J - 14 fruits


   Skills:
 - Level 2.4 Dodging
 - Level 2.4 Stealth
 + Level 13.8 Spellcasting
 + Level 12.7 Conjurations


You had 26 spell levels left.
You knew the following spells:

 Your Spells              Type           Power        Failure   Level  Hunger
a - Magic Dart            Conj           ####         1%          1    None
b - Iskenderun's Battles  Conj/Chrm      #####...     10%         5    ###....
c - Iskenderun's Mystic   Conj           ######..     1%          4    None


Dungeon Overview and Level Annotations

Branches:
Dungeon (9/15)             Temple (1/1) D:6            Lair (0/8) D:8
    Orc: D:9-12

Altars:
Ashenzari
Cheibriados
Dithmenos
Elyvilon
Fedhas
Gozag
Kikubaaqudgha
Makhleb
Nemelex Xobeh
Okawaru
Pakellas
Qazlal
Ru
Sif Muna
Trog
Vehumet
Xom
Yredelemnul
Zin
The Shining One

Shops:
D:6 }   D:9 =(!

Annotations:
D:8 MovingMist's ghost, novice DsFi


Message History

It was a potion of might.
You feel very mighty all of a sudden.
The orc priest miscasts a cantrip.
The orc misses you.
Drink which item? (? for menu, Esc to quit)
You feel better. The orc closely misses you.
The orc priest miscasts a cantrip.
The orc barely misses you.
The orc priest casts a cantrip, but nothing happens.
The orc priest mumbles some strange prayers to Beogh against you.
Beogh smites you!
* * * LOW HITPOINT WARNING * * *
All of the chunks of flesh in your inventory have rotted away.
The orc priest miscasts a cantrip.
You are feeling hungry.
Things that are here:
a plate armour; a battleaxe The orc priest calls down the wrath of Beogh upon you.
Beogh smites you!
You die...

#.# ######### #.# #.......# #.#
#.#####[# #.# #.#####.# #.#
#.#.....####.#######
#.#.###.##.........#
#.#.###)##.....###.########
#.#.##.#....@.[oo..o......#
#.......##.#.#####.######.###
###.######...## #.##........
#####.#####.....####.##.###.###
#......##.........#####.# #o###
#.###.##...........## #.# #.o##
#.##.#...P..........###.####.##
#.##.........>.......##..###.##
###.#...#.........P....##........


You could see an orc priest and 2 orcs.

Vanquished Creatures
  Joseph (D:8)
  An ice statue (D:9)
  Psyche (D:9)
  A two-headed ogre (D:8)
  Grinder (D:5)
  Prince Ribbit (D:6)
  A wyvern (D:9)
  3 steam dragons
  A hippogriff (D:8)
  Menkaure (D:7)
  Edmund (D:5)
  2 wargs
  A black bear (D:7)
  5 orc warriors
  A phantom (D:8)
  3 ogres
  2 centaurs (D:5)
  The ghost of Gartch2 the Sneak, an amateur SpAs (D:3)
  4 giant frogs
  2 scorpions
  A water moccasin skeleton (D:5)
  3 killer bees (D:8)
  5 wights (D:9)
  2 howler monkeys (D:4)
  3 hounds
  2 jellies (D:7)
  7 orc wizards
  A quasit (D:8)
  Crazy Yiuf (D:3)
  2 orc priests
  A centaur skeleton (D:4)
  A giant frog skeleton (D:7)
  An iguana (D:9)
  6 worker ants
  A killer bee zombie (D:8)
  A worker ant zombie (D:7)
  7 adders
  7 gnolls
  A howler monkey skeleton (D:8)
  4 shadow imps
  2 oozes
  2 adder zombies
  An adder skeleton (D:7)
  3 worms (D:2)
  6 giant geckos
  32 orcs
  9 giant cockroaches
  7 goblins
  10 hobgoblins
  15 jackals
  7 quokkas
  3 ball pythons
  7 bats
  A giant gecko skeleton (D:6)
  6 giant newts
  A jackal zombie (D:8)
  7 kobolds
  A quokka zombie (D:5)
  9 rats
220 creatures vanquished.

Vanquished Creatures (others)
  A fungus (D:6)
1 creature vanquished.

Grand Total: 221 creatures vanquished

Notes
Turn   | Place    | Note
--------------------------------------------------------------
     0 | D:1      | lorenzova the Deep Elf Conjurer began the quest for the Orb.
     0 | D:1      | Reached XP level 1. HP: 10/10 MP: 6/6
   194 | D:1      | Reached XP level 2. HP: 15/15 MP: 6/8
   843 | D:1      | Reached skill level 5 in Conjurations
  1233 | D:2      | Reached XP level 3. HP: 19/19 MP: 5/10
  1450 | D:2      | Found an ancient bone altar of Kikubaaqudgha.
  1451 | D:2      | Found a blossoming altar of Fedhas.
  1493 | D:2      | Reached skill level 4 in Spellcasting
  1964 | D:2      | Reached XP level 4. HP: 24/24 MP: 10/12
  1970 | D:2      | Learned a level 4 spell: Iskenderun's Mystic Blast
  2658 | D:3      | Noticed Gartch2's ghost (amateur SpAs)
  2890 | D:3      | Noticed Crazy Yiuf
  2893 | D:3      | Killed Crazy Yiuf
  2893 | D:3      | Reached skill level 5 in Spellcasting
  3142 | D:3      | Reached XP level 5. HP: 28/28 MP: 11/14
  3331 | D:3      | Killed Gartch2's ghost
  3955 | D:4      | Reached skill level 6 in Spellcasting
  3955 | D:4      | Reached XP level 6. HP: 32/32 MP: 9/17
  4559 | D:4      | Reached skill level 7 in Spellcasting
  4873 | D:4      | Reached XP level 7. HP: 36/36 MP: 12/19
  5395 | D:5      | Entered Level 5 of the Dungeon
  5656 | D:5      | Reached skill level 8 in Spellcasting
  6272 | D:5      | Noticed Edmund
  6277 | D:5      | Killed Edmund
  6402 | D:5      | Noticed Grinder
  6404 | D:5      | Killed Grinder
  6404 | D:5      | Reached skill level 9 in Spellcasting
  6404 | D:5      | Reached XP level 8. HP: 41/41 MP: 14/23
  6544 | D:5      | Found a sacrificial altar of Ru.
  7077 | D:6      | Found Iceplofe's Gadget Emporium.
  7318 | D:6      | Noticed Prince Ribbit
  7323 | D:6      | Killed Prince Ribbit
  7323 | D:6      | Reached skill level 10 in Spellcasting
  7405 | D:6      | Found a staircase to the Ecumenical Temple.
  7415 | Temple   | Entered the Ecumenical Temple
  7483 | Temple   | Became a worshipper of Vehumet
  7911 | D:6      | Reached skill level 10 in Conjurations
  8127 | D:7      | Noticed Menkaure
  8130 | D:7      | Killed Menkaure
  8243 | D:7      | Reached XP level 9. HP: 23/45 MP: 12/25
  8441 | D:7      | Reached skill level 11 in Spellcasting
  9541 | D:8      | Reached skill level 12 in Spellcasting
  9771 | D:8      | Found a staircase to the Lair.
 10462 | D:8      | Noticed MovingMist's ghost (novice DsFi)
 10485 | D:7      | Reached * piety under Vehumet
 10485 | D:7      | Offered knowledge of Sandblast by Vehumet.
 10911 | D:8      | Found a blossoming altar of Fedhas.
 11022 | D:8      | Noticed Joseph
 11026 | D:8      | Killed Joseph
 11505 | D:7      | Reached XP level 10. HP: 50/50 MP: 20/28
 11597 | D:7      | Learned a level 5 spell: Iskenderun's Battlesphere
 11661 | D:8      | Reached skill level 13 in Spellcasting
 12163 | D:9      | Noticed an ice statue
 12174 | D:9      | Killed an ice statue
 12438 | D:9      | Found Atuph's Jewellery Boutique.
 12574 | D:9      | Found Jacoj's Antique Weapon Emporium.
 12578 | D:9      | Noticed Psyche
 12580 | D:9      | Killed Psyche
 12865 | D:9      | Found Vowkerchuh's Distillery.
 12989 | D:9      | Bought a potion of curing for 36 gold pieces
 12989 | D:9      | Bought a potion of haste for 120 gold pieces
 13044 | D:9      | Reached ** piety under Vehumet
 13064 | D:8      | Offered knowledge of Shock by Vehumet.
 13110 | D:8      | Killed from afar by an orc priest

Skill      XL: |  1  2  3  4  5  6  7  8  9 10 |
---------------+-------------------------------+-----
Conjurations   | 5 6 7 9 10 11 12 | 12.7
Spellcasting   | 4 5 6 7 9 10 12 13 | 13.8
Dodging        | |  2.4
Stealth        | |  2.4

Action                   |  1- 3 |  4- 6 |  7- 9 | 10-12 || total
-------------------------+-------+-------+-------+-------++-------
Melee: Dagger            |       |       |    60 |    13 ||    73
 Cast: Magic Dart        |    92 |   144 |   242 |    93 ||   571
       Iskenderun's Myst |       |    10 |    61 |    13 ||    84
       Iskenderun's Batt |       |       |       |     8 ||     8
  Use: Scroll            |       |     4 |     1 |       ||     5
       Potion            |       |       |       |     2 ||     2
 Stab: Sleeping          |       |       |     4 |     1 ||     5
  Eat: Chunk             |     3 |    10 |    19 |     5 ||    37
       Beef jerky        |       |       |     1 |       ||     1
       Fruit             |       |       |     1 |       ||     1
Armor: Robe              |     2 |     5 |    42 |     5 ||    54
Dodge: Dodged            |     1 |    17 |   105 |    35 ||   158
